 Dungeon Crawl Stone Soup version 0.22-a0-351-g29664b4 (webtiles) character file.

24093494 Slobodan the Ninja (level 27, 189/283 HPs)
             Began as a Vampire Warper on Apr 7, 2018.
             Was the Champion of Ru.
             Escaped with the Orb
             ... and 15 runes on Apr 12, 2018!
             The game lasted 16:27:37 (62243 turns).

Slobodan the Ninja (Vampire Warper)                Turns: 62243, Time: 16:27:38

Health: 189/283    AC: 31    Str: 14    XL:     27
Magic:  34/35      EV: 18    Int: 30    God:    Ru [******]
Gold:   2193       SH: 29    Dex: 19    Spells: 1/50 levels left

rFire    + + +     SeeInvis +   a - +8 autumn katana {slice, Clar}
rCold    + + .     Gourm    .   D - +7 large shield {AC+3}
rNeg     + + +     Faith    .   C - +7 fire dragon scales of Courage {rElec rF++ rC- Regen+ Int-3}
rPois    ∞         Spirit   .   k - +0 hat of Negligence {Int+4}
rElec    +         Reflect  .   l - +2 cloak of Tazxuusm {rF+ Slay+5 SInv}
rCorr    .         Harm     .   N - +2 pair of gloves {Dex+3}
MR       +++..     Clarity  +   e - +0 pair of boots of Peek-a-Boo {rF+ rC+ Int+7}
Stlth    ++++......             F - amulet of Vitality {Regen+ HP+15}
HPRegen  0.00/turn              r - ring of Robustness {AC+8}
MPRegen  0.24/turn              y - ring "Hahach" {rC+ Slay+5}

@: bloodless, non-regenerating, drained
A: antennae 1, fangs 3, thin metallic scales 1, see invisible, blink, deformed
body, deterioration 2, dopey 1, low mp 1, magic resistance 1, robust 1, strong
1, unbreathing, evolution 1, subdued magic 1, inability to drink while
threatened, inability to train armour, missing an eye, temperature sensitive
0: Orb of Zot
}: 15/15 runes: decaying, slimy, silver, golden, iron, obsidian, icy, bone,
abyssal, demonic, glowing, magical, fiery, dark, gossamer
a: Bat Form, Blink, Draw Out Power, Power Leap, Apocalypse, Renounce Religion


You escaped.
You worshipped Ru.
Ru was exalted by your worship.
You were bloodless.

You visited 17 branches of the dungeon, and saw 89 of its levels.
You visited Pandemonium 1 time, and saw 16 of its levels.
You visited the Abyss 1 time.
You visited 1 bazaar.
You also visited: Trove, Volcano and Wizlab.

You collected 7380 gold pieces.
You spent 5187 gold pieces at shops.

Inventory:

Hand Weapons
 a - the +8 autumn katana (weapon) {slice, Clar}
   (You took it off a crimson imp on level 1 of the Depths)

   It inflicts extra damage upon your enemies.
   It protects you against confusion.
 b - a +9 rapier of draining
Armour
 e - the +0 pair of boots of Peek-a-Boo (worn) {rF+ rC+ Int+7}
   (You found it in a treasure trove)

   It affects your intelligence (+7).
   It protects you from fire.
   It protects you from cold.
 k - the +0 hat of Negligence (worn) {Int+4}
   (You found it in a treasure trove)

   It affects your intelligence (+4).
 l - the +2 cloak of Tazxuusm (worn) {rF+ Slay+5 SInv}
   (You found it in a treasure trove)

   It affects your accuracy and damage with ranged weapons and melee attacks
   (+5).
   It protects you from fire.
   It lets you see invisible.
 s - the +1 ring mail of the Abyss {rF++}
   (You found it in a treasure trove)

   It greatly protects you from fire.
 C - the +7 fire dragon scales of Courage (worn) {rElec rF++ rC- Regen+ Int-3}
   (You found it on level 3 of the Tomb of the Ancients)

   It affects your intelligence (-3).
   It greatly protects you from fire.
   It makes you vulnerable to cold.
   It insulates you from electricity.
   It increases your rate of regeneration.
 D - a +7 large shield of protection (worn)
 N - a +2 pair of gloves of dexterity (worn)
 W - the +2 pair of gloves of Rieciam {MR+}
   (You acquired it on level 3 of the Depths)

   It affects your resistance to hostile enchantments.
Jewellery
 r - the ring of Robustness (left hand) {AC+8}
   (You found it on level 3 of the Depths)

   [ring of protection]

   It affects your AC (+8).
 y - the ring "Hahach" (right hand) {rC+ Slay+5}
   (You found it on level 5 of the Pits of Slime)

   [ring of protection from cold]

   It affects your accuracy and damage with ranged weapons and melee attacks
   (+5).
   It protects you from cold.
 F - the amulet of Vitality (around neck) {Regen+ HP+15}
   (You found it on level 1 of the Elven Halls)

   [amulet of regeneration]

   It affects your health (+15).
   It increases your rate of regeneration.
 M - the ring "Qohodduq" {Wiz rElec Str+6 Dex-2 SInv}
   (You found it on level 5 of the Pits of Slime)

   [ring of wizardry]

   It improves your spell success rate.
   It affects your strength (+6).
   It affects your dexterity (-2).
   It insulates you from electricity.
   It lets you see invisible.
 S - the amulet "Turipumo" {Spirit Int+4 Dex+5}
   (You found it on level 3 of the Depths)

   [amulet of guardian spirit]

   It causes incoming damage to be split between your health and magic.
   It affects your intelligence (+4).
   It affects your dexterity (+5).
 Y - an uncursed ring of flight
Wands
 g - a wand of clouds (13)
 v - a wand of iceblast (40)
 E - a wand of acid (11)
 X - a wand of digging (23)
Scrolls
 c - 3 scrolls of blinking
 i - 7 scrolls of immolation
 j - 22 scrolls of remove curse
 m - 3 scrolls of torment
 o - 3 scrolls of teleportation
 u - 8 scrolls of vulnerability
 z - a scroll of fog
 P - 7 scrolls of silence
 R - 6 scrolls of identify
 T - 5 scrolls of amnesia
 V - 9 scrolls of fear
Potions
 d - 2 potions of magic
 h - 3 potions of heal wounds
 n - 7 potions of lignification
 q - a potion of agility
 t - 6 potions of flight
 w - 3 potions of cancellation
 x - 9 potions of curing
 B - 13 potions of blood
 G - a potion of resistance
 I - 2 potions of brilliance
 J - a potion of might
 K - 3 potions of berserk rage
 L - 2 potions of invisibility
 Q - 7 potions of mutation
Miscellaneous
 A - a phial of floods
 H - a lamp of fire
 O - a lightning rod (4/4)
 U - 3 phantom mirrors
 Z - 3 boxes of beasts


   Skills:
 * Level 25.8(24.0) Fighting
 - Level 12.2(13.9) Short Blades
 - Level 14.7(14.4) Long Blades
   Level 3.9(2.8) Slings
 - Level 0.7(1.4) Throwing
 - Level 18.1(16.5) Dodging
 O Level 27(25.1) Stealth
 - Level 23.0(21.2) Shields
 - Level 12.0(10.6) Spellcasting
 - Level 10.0(8.6) Hexes
 - Level 10.0(8.6) Charms
 - Level 8.0(6.7) Summonings
 - Level 20.0(18.3) Necromancy
 - Level 8.0(6.7) Translocations
 - Level 14.0(12.5) Air Magic
 - Level 10.0(8.6) Earth Magic
 - Level 7.0(5.7) Poison Magic
 + Level 15.6(14.1) Evocations


You had one spell level left.
You knew the following spells:

 Your Spells              Type           Power        Failure   Level  Hunger
a - Blink                 Tloc           N/A          2%          2    None
b - Apportation           Tloc           #####.       1%          1    None
c - Spectral Weapon       Hex/Chrm       ######..     1%          3    None
d - Passage of Golubria   Tloc           N/A          17%         4    None
e - Olgreb's Toxic Radia  Pois           #####...     26%         4    None
f - Vampiric Draining     Necr           #######...   1%          3    None
g - Regeneration          Chrm/Necr      ######....   1%          3    None
h - Death Channel         Necr           #######...   1%          6    #####..
i - Airstrike             Air            ######....   1%          4    None
j - Borgnjor's Vile Clut  Necr/Erth      ######....   2%          5    ###....
k - Deflect Missiles      Chrm/Air       ######....   50%         6    #####..
l - Summon Butterflies    Summ           #####...     1%          1    None
m - Aura of Abjuration    Summ           #####.....   45%         5    ###....
n - Sublimation of Blood  Necr           #######...   0%          2    None


Dungeon Overview and Level Annotations

Branches:
Dungeon (15/15)            Temple (0/1) D:4            Lair (6/6) D:10
  Swamp (4/4) Lair:2       Spider (4/4) Lair:2        Slime (5/5) Lair:6
    Orc (2/2) D:11            Elf (3/3) Orc:2        Vaults (5/5) D:13
  Crypt (3/3) Vaults:2       Tomb (3/3) Crypt:3      Depths (5/5) D:15
   Hell (1/1)                 Dis (7/7) Hell            Geh (7/7) Hell
    Coc (7/7) Hell            Tar (7/7) Hell            Zot (5/5) Depths:5

Altars:
Dithmenos
Elyvilon
Fedhas
Gozag
Hepliaklqana
Kikubaaqudgha
Okawaru
Ru
Vehumet
Xom
Yredelemnul
The Shining One
Beogh
Jiyva

Shops:
D:7 !   D:8 (   D:15 [   Orc:2 }(=   Elf:2 (   Vaults:1 [   Vaults:5 *
Depths:5 =*}*

Portals:
Hell: Depths:1* Depths:2 Depths:3 Depths:4
Abyss: Depths:1 Depths:2 Depths:4
Pandemonium: Depths:3 Depths:4 Depths:5
Ziggurat: Depths:3

Annotations:
D:4 Anon1729's ghost, amateur DsFE
D:10 exclusion: 2 oklob saplings
Elf:2 3 runed doors
Depths:3 1 runed door
Dis:7 Dispater
Tar:7 Ereshkigal


Innate Abilities, Weirdness & Mutations

You do not heal naturally.
You are immune to poison.
You have razor-sharp teeth.
You have supernaturally acute eyesight. (SInv)
Your magical capacity is low. (-10% MP)
You can survive without breathing.
You cannot drink potions while threatened.
You cannot train Armour skill.
You are missing an eye, making it more difficult to aim.
You are sensitive to extremes of temperature. (rF-, rC-)
You have a pair of small antennae on your head.
You are partially covered in thin metallic scales. (AC +2)
You can translocate small distances at will.
Armour fits poorly on your strangely shaped body.
Your body often deteriorates upon taking damage.
You are dopey. (Int -2)
You are resistant to hostile enchantments. (MR+)
You are robust. (+10% HP)
Your muscles are strong. (Str +2)
You evolve.
Your spells are a little easier to cast, but a little less powerful.


Message History

Aim: a hellion (severely wounded)
The air twists around and strikes the hellion!
You kill the hellion!
You can drink potions again.
You feel much better.
A white imp comes into view.
You slice the white imp!!
You kill the white imp!
Evoke which item? (* to show all) (? for menu, Esc to quit)
Aiming: Dig
Press: ? - help, Shift-Dir - straight line The rock shatters into small pieces.
You enter the shallow water.
Moving in this stuff is going to be slow.
There is a staircase leading out of the dungeon here.
You are a level 27 Vampire Warper.
I'm sorry, level 27 is as high as you can go.
With the way you've been playing, I'm surprised you got this far.
Play time: 16:27:35 (62242 turns)
You have escaped!

.## ##########.# .####
#P≈≈≈≈≈≈≈≈≈P.# ..).##
#.P≈≈≈≈≈≈≈P..# ..#..##
#..P≈≈≈≈≈P...#
..##..#####...P≈≈≈P....#
#..##....##....P≈P.....#
#...............P......#
##..##.................#
................@......#
#....###..............##
..##.# #........P.....#
.#...####......P≈P....##
..............P≈≈≈P....#
.............P≈≈≈≈≈P..##
.......[....P≈≈≈≈≈≈≈P.#
...........P≈≈≈≈≈≈≈≈≈P#
...........#######.####


There were no monsters in sight!

Vanquished Creatures
  Cerebov (Pan)
  Antaeus (Coc:7)
  Asmodeus (Geh:7)
  Gloorx Vloq (Pan)
  the Royal Jelly (Slime:5)
  the Serpent of Hell (Dis:7)
  Mnoleg (Pan)
  Lom Lobon (Pan)
  An orb of fire (Zot:5)
  3 ancient liches
  Mara (Depths:2)
  The ghost of Uhlv the Conqueror, a legendary MiBe of the Shining One (Coc:7)
  3 pandemonium lords
  6 greater mummies
  The ghost of Thaneod the Axe Maniac, a legendary VSBe of the Shining One (Pan)
  A curse toe (Zot:5)
  11 shard shrikes
  3 Killer Klowns (Zot:5)
  2 caustic shrikes (Depths:3)
  Jory (Tomb:2)
  Geryon (Hell)
  7 golden dragons
  Arachne (Spider:2)
  4 bone dragons
  4 Tzitzimimeh
  Jorgrun (Depths:2)
  2 electric golems
  A doom hound (Tar:2)
  3 iron giants (Dis:7)
  28 Ice Fiends
  12 Orb Guardians (Zot:5)
  13 tentacled monstrosities
  8 Hell Sentinels
  20 Brimstone Fiends
  8 titans
  14 liches
  3 deep elf blademasters (Elf:3)
  3 deep elf master archers (Elf:3)
  6 quicksilver dragons
  14 acid blobs
  7 death cobs
  8 ancient champions
  A kraken (Abyss:2)
  19 Executioners
  9 sphinxes
  Agnes (Spider:2)
  A revenant (Tomb:2)
  3 draconian monks
  9 tengu reavers
  14 shadow dragons
  The ghost of Rhok the Black Belt, an adept TeBe of Trog (Spider:4)
  9 storm dragons
  16 fire giants
  3 azure jellies (Slime:5)
  10 deep elf sorcerers
  15 frost giants
  3 ghost moths
  15 iron dragons
  An orc warlord (Orc:1)
  2 draconian scorchers
  14 vault wardens
  An emperor scorpion (Spider:4)
  4 warmongers (Pan)
  Aizul (Depths:2)
  4 deep elf elementalists
  A curse skull (Pan)
  2 draconian shifters
  29 balrugs
  7 ironheart preservers
  10 cacodemons (Pan)
  A ghoul (Crypt:3)
  15 war gargoyles
  6 draconian annihilators
  A stone giant (shapeshifter) (Vaults:2)
  23 very ugly things
  20 stone giants
  A spriggan defender (Depths:4)
  28 reapers
  2 entropy weavers
  A caustic shrike skeleton (Depths:4)
  2 bennus
  10 elemental wellsprings
  10 vampire knights
  Nessos (Lair:5)
  6 green draconians
  5 deep elf demonologists
  5 corrupters (Pan)
  A white draconian (Depths:5)
  7 lorocyprocas
  8 deep elf annihilators
  3 black suns (Pan)
  3 black draconians
  5 red draconians
  3 spark wasps
  7 purple draconians
  3 yellow draconians
  10 ettins
  9 green deaths
  An eidolon (Crypt:1)
  4 crystal guardians
  An ettin (shapeshifter) (Vaults:5)
  2 quicksilver dragon zombies
  10 blizzard demons
  5 death oozes
  14 mummy priests
  A jiangshi (Crypt:1)
  3 deep elf death magi (Elf:3)
  8 fire dragons
  6 deep elf high priests
  22 ice dragons
  8 great orbs of eyes
  30 vault guards
  21 yaktaur captains
  8 spriggan air magi
  12 hydras
  4 rakshasas
  4 quicksilver dragon skeletons
  3 ghost crabs
  A monstrous demonspawn (Pan)
  3 catoblepae (Lair:6)
  A kraken zombie (Coc:5)
  A hell beast (Pan)
  2 death knights
  30 two-headed ogres
  8 centaur warriors
  6 tengu warriors
  3 alligators
  10 deep troll earth magi
  15 ogre magi
  15 dancing weapons
  6 orc high priests
  18 death scarabs
  2 vampire magi
  20 hell hogs
  6 death yaks
  9 deep troll shamans
  6 titan zombies
  7 spriggan berserkers
  Urug (D:13)
  3 iron golems
  2 shock serpents (Pan)
  12 soul eaters
  34 sun demons
  6 spriggans
  19 deep elf knights
  3 storm dragon zombies
  4 iron trolls (Dis:4)
  65 hell knights
  108 skeletal warriors
  7 titan skeletons
  11 sixfirhies
  6 anaconda zombies
  8 shadow wraiths
  2 spriggan druids
  A death drake (shapeshifter) (Vaults:5)
  7 storm dragon skeletons
  3 golden dragon zombies
  The ghost of 4thArraOfDagon the Firebug, a novice DgFE (D:10)
  3 flayed ghosts
  An unseen horror (shapeshifter) (Vaults:1)
  18 deep elf archers
  3 gelid demonspawn (Pan)
  2 unseen horrors
  3 infernal demonspawn (Pan)
  27 deep trolls
  4 torturous demonspawn (Pan)
  4 swamp dragons
  6 wizards
  3 shadow dragon zombies
  A ghost moth zombie (Dis:5)
  6 glowing orange brains
  6 shadow demons
  11 ironbrand convokers
  14 orc knights
  4 golden dragon skeletons
  A wolf spider zombie (Coc:7)
  20 wolf spiders
  An orb spider (shapeshifter) (D:15)
  6 phantasmal warriors
  8 orb spiders
  66 deep elf magi
  2 frost giant zombies
  7 anaconda skeletons
  3 salamanders (Geh:7)
  4 shadow dragon skeletons
  4 cyclopes
  6 fire giant zombies
  30 necromancers
  4 iron dragon zombies
  9 frost giant skeletons
  8 moths of wrath
  A tengu skeleton (Depths:4)
  5 stone giant zombies
  6 orc sorcerers
  4 shining eyes
  A shining eye (shapeshifter) (Vaults:4)
  31 ugly things
  4 iron dragon skeletons
  An elephant (shapeshifter) (Depths:4)
  6 stone giant skeletons
  10 vault sentinels
  30 rust devils
  6 elephants
  A human skeleton (Vaults:3)
  8 orange demons
  7 fire giant skeletons
  Psyche (D:10)
  4 centaur zombies
  A torpor snail (Spider:4)
  23 smoke demons
  2 eyes of devastation
  A gargoyle (D:13)
  13 spiny frogs
  12 molten gargoyles (Geh:7)
  A storm dragon simulacrum (Coc:7)
  A spiny frog (shapeshifter) (Vaults:3)
  20 hellions
  3 swamp worm zombies
  6 dire elephant skeletons
  A rime drake (shapeshifter) (Depths:3)
  9 demonic crawlers
  2 komodo dragons (shapeshifter)
  19 tormentors
  8 efreet
  2 emperor scorpion zombies
  8 hellwings (Pan)
  A kobold demonologist (D:13)
  25 ice devils
  7 komodo dragons
  47 yaktaurs
  16 freezing wraiths
  25 guardian mummies
  A silent spectre (Tar:3)
  A catoblepas skeleton (Coc:5)
  3 tengu conjurers
  A queen bee (shapeshifter) (Depths:2)
  19 red devils
  21 jumping spiders
  10 tyrant leeches
  A polar bear (shapeshifter) (Depths:4)
  3 bog bodies (Swamp:4)
  Prince Ribbit (D:8)
  6 trolls
  2 fire dragon zombies
  21 hornets
  14 hydra zombies
  12 large abominations
  3 blink frogs (Lair:5)
  3 ettin zombies
  A harpy skeleton (Coc:5)
  A raiju (Abyss:3)
  47 slime creatures
  5 hippogriffs
  4 hydra skeletons
  A spectral swamp dragon (Swamp:4)
  A hippogriff (shapeshifter) (Depths:4)
  9 alligator zombies
  2 stone giant simulacra
  114 flying skulls
  7 ice dragon zombies
  3 air elementals
  46 redbacks
  4 alligator skeletons
  18 shadows
  17 tarantellas
  A tarantella (shapeshifter) (Vaults:1)
  7 water elementals
  4 vampires (WizLab)
  17 wraiths
  3 ynoxinuls
  5 ushabtiu
  10 ettin skeletons
  A deep troll skeleton (Depths:1)
  17 fire elementals
  59 yaks
  4 ice dragon skeletons
  6 chaos spawn (Pan)
  A fire bat (shapeshifter) (D:13)
  A hog (shapeshifter) (Vaults:4)
  7 golden eyes
  A human simulacrum (Vaults:3)
  A basilisk (Lair:4)
  16 humans (D:13)
  3 hungry ghosts
  4 neqoxecs (Pan)
  2 black mamba skeletons
  A spatial vortex (Geh:2)
  17 vampire mosquitoes
  4 two-headed ogre zombies (WizLab)
  20 insubstantial wisps
  9 swamp worms
  2 wargs
  31 hell hounds
  3 spiny frog zombies
  2 soldier ants (D:14)
  A merfolk zombie (Coc:1)
  3 acid dragons
  9 water moccasins
  A hydra simulacrum (Coc:7)
  6 porcupines
  6 floating eyes
  2 snapping turtle zombies (Coc:5)
  5 spiny frog skeletons
  47 orc warriors
  3 swamp drakes
  11 ice beasts
  2 black bears (shapeshifter)
  2 manticore zombies
  An alligator simulacrum (Hell)
  6 sky beasts
  10 necrophages
  5 eyes of draining
  36 ogres
  2 swamp dragon zombies (Swamp:4)
  A black bear (D:9)
  11 phantoms
  A tengu (shapeshifter) (Depths:3)
  An elephant zombie (Crypt:1)
  2 snapping turtle skeletons
  6 boggarts
  2 manticore skeletons
  5 wolves
  14 centaurs
  7 crocodiles
  A swamp dragon skeleton (Coc:7)
  A big kobold (D:10)
  17 bullfrogs
  A wyvern zombie (D:12)
  An elf skeleton (Geh:5)
  2 scorpions
  A wyvern skeleton (D:10)
  An orc simulacrum (Vaults:1)
  7 troll zombies (WizLab)
  8 killer bees
  29 wights
  2 howler monkeys
  9 crimson imps
  3 bullfrog zombies
  8 hounds
  A quasit (D:7)
  2 bullfrog skeletons
  12 iron imps
  2 human zombies
  3 jellies
  A gnoll shaman (D:10)
  40 orc priests
  2 centaur skeletons
  4 iguanas
  18 orc wizards
  2 spectral swamp drakes (Swamp:4)
  7 worker ants
  A tengu zombie (Geh:7)
  An ogre zombie (WizLab)
  A naga skeleton (Pan)
  2 hound zombies
  A hound skeleton (D:11)
  53 mummies
  2 howler monkey skeletons
  13 adders
  7 gnolls
  2 swamp drake zombies (Swamp:4)
  2 shadow imps
  19 white imps
  2 oozes
  3 worms
  6 leopard geckos
  99 orcs
  6 ball pythons
  3 giant cockroaches
  3 goblins
  5 jackals
  8 kobolds
  3 quokkas
  7 bats
  2 frilled lizards
  A kobold zombie (Geh:7)
  2 orc zombies (Geh:7)
  5 rats
  16 crawling corpses (Vaults:5)
  11 fungi
  9 plants
3273 creatures vanquished.

Vanquished Creatures (collateral kills)
  A juggernaut (Depths:5)
  An ancient lich (Zot:5)
  A caustic shrike (Depths:3)
  3 Killer Klowns (Zot:5)
  A bone dragon (Dis:7)
  An electric golem (Zot:5)
  2 tentacled monstrosities
  4 liches
  9 Orb Guardians (Zot:5)
  5 titans
  2 quicksilver dragons
  2 sphinxes
  A death cob (Zot:5)
  4 storm dragons
  4 tengu reavers
  3 shadow dragons (Vaults:5)
  4 fire giants
  5 frost giants
  A draconian scorcher (Zot:5)
  A deep elf sorcerer (Depths:3)
  An iron dragon (Dis:7)
  A blood saint (Pan)
  An emperor scorpion (Spider:4)
  A vault warden (Vaults:1)
  A draconian stormcaller (Zot:2)
  2 ironheart preservers
  2 vampire knights
  An entropy weaver (Spider:4)
  4 war gargoyles
  10 stone giants
  14 very ugly things
  A yellow draconian (Depths:5)
  3 black draconians
  A deep elf annihilator (Pan)
  A purple draconian (Zot:5)
  2 white draconians (Zot:3)
  3 spark wasps
  A red draconian (Zot:2)
  A minotaur (shapeshifter) (Vaults:5)
  2 ettins
  A green death (Pan)
  2 blizzard demons
  3 fire dragons
  2 deep elf high priests (Vaults:5)
  6 yaktaur captains
  A quicksilver dragon zombie (Dis:7)
  3 ogre magi
  2 great orbs of eyes
  A hydra (Swamp:1)
  3 vault guards
  2 rakshasas
  5 ice dragons
  A catoblepas (Lair:6)
  An alligator (Swamp:1)
  A death knight (Vaults:4)
  Erica (D:9)
  3 centaur warriors
  5 deep troll earth magi
  3 tengu warriors
  13 two-headed ogres
  A titan zombie (Vaults:3)
  4 death yaks
  6 deep troll shamans
  8 hell knights
  A shock serpent (Pan)
  2 spriggan berserkers
  A deep elf knight (Vaults:4)
  A shock serpent (shapeshifter) (Vaults:5)
  3 spriggans
  6 skeletal warriors
  15 deep trolls
  An unseen horror (shapeshifter) (Depths:1)
  A golden dragon zombie (Dis:7)
  4 wizards
  A spectral hydra (Swamp:4)
  A phantasmal warrior (Vaults:4)
  2 ironbrand convokers
  4 necromancers
  2 orc knights
  A tengu zombie (Vaults:3)
  10 ugly things
  8 orb spiders
  A deep elf mage (Elf:2)
  A fire giant zombie (Dis:7)
  An orc sorcerer (Orc:2)
  A manticore (shapeshifter) (Depths:5)
  A cyclops (D:15)
  A moth of wrath (Zot:5)
  5 wolf spiders
  3 manticores
  8 elephants
  Joseph (D:9)
  A dire elephant zombie (Dis:7)
  A shock serpent zombie (Dis:7)
  3 black mambas
  3 rust devils
  A stone giant skeleton (Vaults:3)
  A gargoyle (D:14)
  A spiny frog (Lair:4)
  A torpor snail (Spider:2)
  A spriggan zombie (Depths:1)
  3 vault sentinels
  An orange demon (Depths:4)
  A spiny frog (shapeshifter) (Vaults:2)
  2 freezing wraiths (Coc:1)
  3 komodo dragons
  14 yaktaurs
  A tormentor (Coc:5)
  A hellwing (Pan)
  4 demonic crawlers
  An ice devil (Dis:7)
  A tengu conjurer (Depths:1)
  9 jumping spiders
  A hydra zombie (Coc:1)
  5 hornets
  A polar bear (Lair:4)
  6 blink frogs
  An alligator zombie (Coc:5)
  9 slime creatures
  4 hippogriffs
  A raiju (shapeshifter) (Depths:3)
  5 flying skulls (Tomb:1)
  16 redbacks
  11 tarantellas
  A water elemental (Coc:1)
  A wyvern (Lair:4)
  11 yaks
  A wraith (Vaults:4)
  3 basilisks
  5 vampire mosquitoes
  A warg (Vaults:2)
  A spiny frog zombie (Coc:2)
  2 water moccasins
  2 porcupines (Lair:4)
  2 black bears
  An elf zombie (Vaults:5)
  2 ice beasts
  A swamp drake (shapeshifter) (Depths:1)
  3 orc warriors
  A swamp drake (Swamp:1)
  A phantom (D:7)
  5 ogres
  2 wolves (Lair:2)
  3 centaurs
  A big kobold (shapeshifter) (Depths:3)
  4 bullfrogs
  A wyvern zombie (D:13)
  A crimson imp (Depths:1)
  A hound (D:9)
  2 orc priests (Orc:1)
  An iron imp (Dis:7)
  2 centaur skeletons
  An iguana (D:9)
  An orc wizard (D:9)
  An ogre zombie (Dis:7)
  A swamp drake zombie (Swamp:4)
  An adder (D:9)
  A shadow imp (Zot:5)
  A white imp (Zot:5)
  11 orcs
  A kobold (D:10)
  A ball python (D:10)
  A fungus (Lair:4)
  2 plants
472 creatures vanquished.

Vanquished Creatures (others)
  A lich (Depths:3)
  A titan (Depths:2)
  A quicksilver dragon (Zot:1)
  An acid blob (Slime:5)
  2 eldritch tentacles
  A draconian knight (Zot:5)
  A fire giant (Depths:5)
  A deep elf sorcerer (Vaults:5)
  A vault warden (Vaults:5)
  A balrug (Depths:5)
  2 deep elf elementalists
  A reaper (Geh:3)
  A very ugly thing (Depths:2)
  A stone giant (Vaults:5)
  An ettin (Depths:3)
  A quicksilver dragon zombie (Geh:7)
  A great orb of eyes (Depths:3)
  A vault guard (Vaults:4)
  A dancing weapon (Elf:2)
  2 two-headed ogres (D:15)
  A spriggan berserker (Depths:5)
  23 death scarabs
  A tengu warrior (Depths:3)
  A vampire mage (Depths:2)
  A deep troll earth mage (Vaults:3)
  3 skeletal warriors
  A hell knight (Geh:7)
  A flayed ghost (Geh:3)
  A shadow demon (Pan)
  3 phantasmal warriors (Vaults:5)
  3 necromancers
  A deep elf mage (Elf:1)
  An ugly thing (Depths:3)
  A fire giant zombie (Geh:7)
  A manticore (D:12)
  An elephant (Lair:5)
  A hellion (Geh:7)
  A demonic crawler (Spider:4)
  A red devil (Depths:4)
  2 ice devils
  A tengu conjurer (Depths:3)
  A guardian mummy (Tomb:2)
  A hydra zombie (Coc:7)
  2 redbacks
  A shadow (Geh:5)
  A water elemental (Hell)
  A yak (D:13)
  A wraith (Geh:7)
  A swamp worm (Swamp:4)
  A hell hound (Dis:1)
  A large abomination (Pan)
  A water moccasin (D:10)
  A spiny frog zombie (Coc:6)
  A phantom (Swamp:4)
  An orc warrior (Vaults:2)
  2 necrophages
  A spiny frog skeleton (Geh:7)
  A snapping turtle skeleton (Coc:2)
  A manticore skeleton (Tomb:1)
  3 wights
  A crimson imp (Pan)
  An orc priest (Orc:2)
  An orc wizard (Orc:1)
  A mummy (Tomb:2)
  An orc (Orc:2)
  A bush (Lair:6)
  A crawling corpse (Vaults:5)
  A fire vortex (Volcano)
  14 fungi
  15 plants
  79 spectral weapons
212 creatures vanquished.

Grand Total: 3957 creatures vanquished

Notes
Turn   | Place    | Note
-------+----------+-------------------------------------------
     0 | D:1      | Slobodan the Vampire Warper began the quest for the Orb.
     0 | D:1      | Reached XP level 1. HP: 16/16 MP: 3/3
   188 | D:1      | Reached skill level 1 in Stealth
   188 | D:1      | Reached XP level 2. HP: 10/22 MP: 5/5
   460 | D:2      | Learned a level 2 spell: Blink
   897 | D:2      | Reached XP level 3. HP: 27/27 MP: 6/6
   949 | D:3      | Found a white marble altar of Elyvilon.
  1099 | D:2      | Reached skill level 2 in Stealth
  1229 | D:3      | Reached XP level 4. HP: 33/33 MP: 7/7
  1382 | D:3      | Found a radiant altar of Vehumet.
  1382 | D:3      | Found a white marble altar of Elyvilon.
  1387 | D:3      | Found a sacrificial altar of Ru.
  1505 | D:3      | Found an opulent altar of Gozag.
  1539 | D:3      | Found a blossoming altar of Fedhas.
  1542 | D:3      | Became a worshipper of Ru the Awakened
  1673 | D:3      | Reached skill level 3 in Stealth
  1673 | D:3      | Reached XP level 5. HP: 35/39 MP: 8/8
  1839 | D:4      | Noticed an ogre
  1859 | D:4      | Killed an ogre
  1946 | D:4      | Found a staircase to the Ecumenical Temple.
  1956 | D:4      | Noticed Anon1729's ghost (amateur DsFE)
  2225 | D:4      | Reached XP level 6. HP: 36/46 MP: 9/9
  2319 | D:4      | Reached skill level 4 in Stealth
  2481 | D:5      | Entered Level 5 of the Dungeon
  2481 | D:5      | Found an iron altar of Okawaru.
  2624 | D:5      | Reached XP level 7. HP: 52/52 MP: 10/10
  2698 | D:5      | Gained mutation: You cannot drink potions while threatened. [Ru sacrifice]
  2698 | D:5      | Reached * piety under Ru
  2795 | D:5      | Reached skill level 1 in Slings
  2867 | D:5      | Found a shimmering altar of Xom.
  2901 | D:6      | Reached skill level 5 in Long Blades
  2901 | D:6      | Reached skill level 5 in Stealth
  3495 | D:6      | Reached XP level 8. HP: 60/60 MP: 6/11
  3591 | D:6      | Learned a level 1 spell: Apportation
  3593 | D:6      | Learned a level 1 spell: Animate Skeleton
  3899 | D:6      | Reached skill level 6 in Stealth
  3985 | D:6      | Reached skill level 1 in Necromancy
  4041 | D:7      | Found a hazy altar of Hepliaklqana.
  4058 | D:7      | Reached skill level 5 in Dodging
  4728 | D:7      | Reached skill level 7 in Stealth
  4737 | D:7      | Found a shadowy altar of Dithmenos.
  4773 | D:7      | Found Waenut's Distillery.
  4781 | D:7      | Bought a potion of agility for 48 gold pieces
  4781 | D:7      | Bought a potion of heal wounds for 60 gold pieces
  4781 | D:7      | Bought a potion of haste for 120 gold pieces
  4781 | D:7      | Bought a potion of curing for 36 gold pieces
  5010 | D:8      | Gained mutation: You cannot train Armour skill. [Ru sacrifice]
  5010 | D:8      | Reached ** piety under Ru
  5285 | D:8      | Found Yqinifiw's Antique Weapon Boutique.
  5399 | D:8      | Reached XP level 9. HP: 56/65 MP: 9/12
  5752 | D:8      | Noticed Prince Ribbit
  5759 | D:8      | Killed Prince Ribbit
  5853 | D:9      | Reached skill level 5 in Fighting
  5943 | D:9      | Noticed a two-headed ogre
  5957 | D:9      | Reached skill level 8 in Stealth
  6402 | D:9      | Killed a two-headed ogre
  6402 | D:9      | Reached skill level 9 in Stealth
  6402 | D:9      | Reached XP level 10. HP: 65/75 MP: 5/13
  6713 | D:9      | Noticed Erica
  6759 | D:9      | Noticed a two-headed ogre
  6762 | D:9      | Killed a two-headed ogre
  6771 | D:9      | Noticed Joseph
  6809 | D:9      | Reached skill level 10 in Stealth
  6950 | D:9      | Killed Joseph
  7189 | D:10     | Entered Level 10 of the Dungeon
  7191 | D:10     | Found a staircase to the Lair.
  7216 | D:10     | Noticed an unseen horror
  7218 | D:10     | Killed an unseen horror
  7218 | D:10     | Reached skill level 10 in Long Blades
  7267 | D:10     | Gained mutation: You are sensitive to extremes of temperature. (rF-, rC-) [Ru sacrifice]
  7267 | D:10     | Reached *** piety under Ru
  7267 | D:10     | Reached **** piety under Ru
  7267 | D:10     | Reached ***** piety under Ru
  7291 | D:10     | Noticed Psyche
  7328 | D:10     | Noticed a two-headed ogre
  7331 | D:10     | Killed a two-headed ogre
  7577 | D:10     | Noticed a wizard
  7580 | D:10     | Killed a wizard
  7580 | D:10     | Reached XP level 11. HP: 82/82 MP: 14/14
  7636 | D:10     | Reached skill level 11 in Stealth
  8220 | D:11     | Found a staircase to the Orcish Mines.
  8402 | D:11     | Noticed a green ugly thing
  8467 | D:10     | Noticed 4thArraOfDagon's ghost (novice DgFE)
  8632 | D:11     | Learned a level 4 spell: Animate Dead
  8789 | D:8      | Bought a shimmering short sword for 200 gold pieces
  8789 | D:8      | Identified the +3 short sword of the Absolute Madman {flame, rPois Str+2} (You bought it in a shop on level 8 of the Dungeon)
  9091 | Lair:1   | Entered Level 1 of the Lair of Beasts
  9207 | Lair:1   | Reached skill level 1 in Short Blades
  9532 | Lair:1   | Reached skill level 12 in Stealth
  9809 | Lair:2   | Noticed a five-headed hydra
  9816 | Lair:2   | Killed a five-headed hydra
  9883 | Lair:2   | Noticed a six-headed hydra
  9890 | Lair:2   | Killed a six-headed hydra
  9914 | Lair:2   | Reached XP level 12. HP: 91/91 MP: 16/16
  9945 | Lair:2   | Found a hole to the Spider Nest.
 10053 | Lair:2   | Found a staircase to the Swamp.
 10061 | Lair:2   | Noticed a death yak
 10065 | Lair:2   | Noticed a death yak
 10074 | Lair:2   | Noticed a death yak
 10077 | Lair:2   | Killed a death yak
 10077 | Lair:2   | Reached skill level 5 in Necromancy
 10081 | Lair:2   | Killed a death yak
 10081 | Lair:2   | Reached skill level 13 in Stealth
 10093 | Lair:2   | Killed a death yak
 10158 | Lair:2   | Reached skill level 5 in Short Blades
 10639 | Lair:3   | Noticed a five-headed hydra
 10651 | Lair:3   | Killed a five-headed hydra
 10903 | Lair:4   | Reached skill level 14 in Stealth
 11541 | Lair:5   | Gained mutation: You evolve. [potion of mutation]
 11541 | Lair:5   | Gained mutation: You are resistant to hostile enchantments. (MR+) [potion of mutation]
 11601 | Lair:5   | Noticed Nessos
 11615 | Lair:5   | Killed Nessos
 11697 | Lair:5   | Noticed a six-headed hydra
 11731 | Lair:5   | Identified the cursed +1 leather armour "Ruabbabi" {rCorr Dex+3} (You found it on level 5 of the Lair of Beasts)
 11765 | Lair:5   | Killed a six-headed hydra
 11765 | Lair:5   | Reached XP level 13. HP: 101/101 MP: 17/17
 11832 | Lair:5   | Reached skill level 15 in Stealth
 12017 | Lair:6   | Entered Level 6 of the Lair of Beasts
 12092 | Lair:6   | Reached skill level 10 in Fighting
 12177 | Lair:6   | Found a staircase to the Slime Pits.
 12177 | Lair:6   | Found a viscous altar of Jiyva.
 12329 | Lair:6   | Reached skill level 10 in Dodging
 12808 | Lair:6   | Reached skill level 16 in Stealth
 13440 | Lair:6   | Reached XP level 14. HP: 101/111 MP: 7/18
 13567 | Lair:6   | Got a brightly glowing shield
 13568 | Lair:6   | Identified the +1 shield "Dyafoen" {*Slow Int+3 SInv} (You found it on level 6 of the Lair of Beasts)
 13733 | D:10     | Found a blossoming altar of Fedhas.
 13771 | D:10     | Learned a level 4 spell: Olgreb's Toxic Radiance
 14112 | D:10     | Killed Psyche
 14272 | D:12     | Learned a level 3 spell: Vampiric Draining
 14614 | D:12     | Reached skill level 1 in Poison Magic
 14807 | Orc:1    | Entered Level 1 of the Orcish Mines
 14807 | Orc:1    | Noticed an orc warlord
 14890 | D:11     | Learned a level 3 spell: Regeneration
 14986 | Orc:1    | Killed an orc warlord
 14990 | Orc:1    | Reached skill level 1 in Charms
 15236 | Orc:1    | Found a roughly hewn altar of Beogh.
 15327 | Orc:2    | Entered Level 2 of the Orcish Mines
 15409 | Orc:2    | Found a dark tunnel.
 15418 | Volcano  | Entered a volcano
 15467 | Orc:2    | Found a roughly hewn altar of Beogh.
 15916 | Orc:2    | Found a staircase to the Elven Halls.
 17490 | Orc:2    | Found Ephiocra's Distillery.
 17490 | Orc:2    | Found Obabi's Gadget Emporium.
 17499 | Orc:2    | Found Yram's Jewellery Emporium.
 17499 | Orc:2    | Found Sanutuak's Antique Weapon Shoppe.
 17521 | Orc:2    | Bought a wand of digging (9) for 312 gold pieces
 17522 | Orc:2    | Bought a runed rapier for 196 gold pieces
 17527 | Orc:2    | Bought an uncursed ring of protection from cold for 250 gold pieces
 17528 | Orc:2    | Bought a potion of haste for 140 gold pieces
 17528 | Orc:2    | Bought a potion of mutation for 112 gold pieces
 17528 | Orc:2    | Bought a potion of ambrosia for 112 gold pieces
 17528 | Orc:2    | Bought a potion of berserk rage for 70 gold pieces
 17528 | Orc:2    | Bought a potion of brilliance for 56 gold pieces
 17532 | Orc:2    | Bought a wand of acid (9) for 312 gold pieces
 17636 | D:13     | Found a gate to the Vaults.
 17636 | D:13     | Noticed Urug
 17637 | D:13     | Reached skill level 1 in Evocations
 17640 | D:13     | Killed Urug
 17965 | D:13     | Found a glowing golden altar of the Shining One.
 18247 | D:13     | Reached XP level 15. HP: 119/119 MP: 22/22
 18574 | D:14     | Reached skill level 1 in Shields
 18801 | D:14     | Reached skill level 5 in Spellcasting
 18822 | D:14     | Identified a scroll of acquirement
 19081 | D:14     | Got a wizard robe
 19104 | D:14     | Gained mutation: Your muscles are strong. (Str +2) [evolution]
 19142 | D:14     | Reached skill level 10 in Short Blades
 19410 | Orc:2    | Identified the +2 robe "Ythrewk" {+Blink Str+3 Dex-4} (You took it off a skeletal warrior on level 14 of the Dungeon)
 19532 | D:10     | Killed 4thArraOfDagon's ghost
 19713 | Spider:1 | Entered Level 1 of the Spider Nest
 19887 | Spider:1 | Reached skill level 5 in Poison Magic
 20051 | Spider:2 | Noticed Agnes
 20053 | Spider:2 | Killed Agnes
 20236 | Spider:2 | Noticed Arachne
 20243 | Spider:2 | Killed Arachne
 20608 | Spider:4 | Entered Level 4 of the Spider Nest
 20672 | Spider:3 | HP: 4/119 [wolf spider (5)]
 20809 | Swamp:1  | Entered Level 1 of the Swamp
 20882 | Swamp:1  | Found a shimmering altar of Xom.
 20912 | Swamp:1  | Reached skill level 5 in Evocations
 21138 | D:15     | Entered Level 15 of the Dungeon
 21159 | D:15     | Found a portal to a secret trove of treasure.
 21885 | Spider:4 | Noticed Rhok's ghost (adept TeBe)
 21915 | Spider:4 | Reached skill level 17 in Stealth
 21920 | Spider:4 | Reached XP level 16. HP: 100/125 MP: 11/23
 21952 | Spider:4 | Killed Rhok's ghost
 22132 | Spider:4 | Learned a level 6 spell: Death Channel
 22273 | Spider:4 | Reached skill level 5 in Shields
 22656 | Spider:4 | Gained mutation: You can translocate small distances at will. [evolution]
 22925 | Spider:4 | Got a gossamer rune of Zot
 23149 | Spider:3 | Reached skill level 18 in Stealth
 23597 | Elf:1    | Entered Level 1 of the Elven Halls
 23758 | Elf:1    | Found the amulet of Vitality {Regen+ HP+15}
 23947 | Elf:1    | Reached skill level 10 in Necromancy
 24324 | Elf:1    | Identified the Reference Book on Battle Magic
 24338 | Elf:1    | Gained mutation: You are partially covered in iridescent scales. (AC +2) [evolution]
 24553 | Elf:2    | Reached XP level 17. HP: 106/132 MP: 27/27
 24840 | Elf:2    | Noticed an Ice Fiend
 24895 | Elf:2    | Found a runed gate.
 24896 | Elf:2    | Found a runed gate.
 24902 | Elf:2    | Found a runed gate.
 24955 | Elf:2    | Found Reraczei's Antique Weapon Shop.
 25184 | Elf:3    | Entered Level 3 of the Elven Halls
 26023 | Swamp:4  | Entered Level 4 of the Swamp
 27116 | Swamp:4  | Got a decaying rune of Zot
 27118 | Swamp:4  | Noticed a bone dragon
 27934 | Elf:3    | Reached XP level 18. HP: 140/140 MP: 31/31
 28427 | Elf:3    | Reached skill level 10 in Shields
 28437 | Elf:3    | Lost mutation: Your muscles are strong. (Str +2) [evolution]
 28576 | Elf:3    | Reached skill level 10 in Spellcasting
 28990 | Elf:3    | Learned a level 3 spell: Tukima's Dance
 29018 | Elf:3    | Learned a level 4 spell: Airstrike
 29042 | Elf:3    | Learned a level 5 spell: Borgnjor's Vile Clutch
 29088 | Elf:3    | Reached skill level 1 in Hexes
 29088 | Elf:3    | Reached skill level 1 in Air Magic
 29091 | Elf:3    | Reached skill level 1 in Earth Magic
 29222 | Elf:3    | Identified the Collected Works on Contamination and Heat
 29520 | D:13     | Learned a level 4 spell: Passage of Golubria
 29521 | Vaults:1 | Entered Level 1 of the Vaults
 29632 | Vaults:1 | Found Ciffefoe's Antique Armour Shoppe.
 30222 | Vaults:1 | Reached skill level 5 in Air Magic
 30223 | Vaults:1 | Reached skill level 5 in Hexes
 30565 | Vaults:2 | Found a staircase to the Crypt.
 30565 | Vaults:2 | Found an ancient bone altar of Kikubaaqudgha.
 30566 | Vaults:2 | Found a basalt altar of Yredelemnul.
 30575 | Vaults:2 | Gained mutation: Your magical capacity is low. (-10% MP) [Ru sacrifice]
 30671 | Vaults:2 | Reached XP level 19. HP: 125/146 MP: 9/29
 30728 | Vaults:2 | Found a magical portal.
 30742 | WizLab   | Entered Zonguldrok's Shrine
 30913 | WizLab   | Reached skill level 5 in Translocations
 31217 | WizLab   | Noticed an antique lich
 31220 | WizLab   | Found the +9 sword of Zonguldrok {reap}
 31245 | WizLab   | Killed an antique lich
 31245 | WizLab   | Reached skill level 5 in Earth Magic
 31942 | Vaults:2 | Gained mutation: You are missing an eye, making it more difficult to aim. [Ru sacrifice]
 31942 | Vaults:2 | Reached ****** piety under Ru
 32764 | Vaults:4 | Reached XP level 20. HP: 92/153 MP: 5/31
 33013 | Vaults:4 | Reached skill level 15 in Necromancy
 34064 | Vaults:1 | Bought a glowing leather armour for 115 gold pieces
 34186 | D:15     | Found a staircase to the Depths.
 34348 | D:15     | Found Ezae's Antique Armour Emporium.
 34356 | D:15     | Bought a heavily runed leather armour for 266 gold pieces
 34356 | D:15     | Identified the +3 leather armour of Kinux {+Blink rPois rN+ SInv} (You bought it in a shop on level 15 of the Dungeon)
 34573 | Depths:1 | Entered Level 1 of the Depths
 34801 | Depths:1 | Found the +8 autumn katana {slice, Clar}
 34844 | Depths:1 | Found a gateway to Hell.
 35089 | Depths:1 | Gained mutation: Your body sometimes deteriorates upon taking damage. [evolution]
 35105 | Depths:1 | Reached XP level 21. HP: 158/161 MP: 21/32
 35116 | Depths:1 | Reached skill level 10 in Air Magic
 35258 | Depths:1 | Found a one-way gate to the infinite horrors of the Abyss.
 35393 | Depths:2 | Noticed Jorgrun
 35398 | Depths:2 | Killed Jorgrun
 35575 | Depths:2 | Reached skill level 19 in Stealth
 36199 | Depths:2 | Noticed Aizul
 36208 | Depths:2 | Killed Aizul
 36357 | Depths:2 | Noticed Mara
 36362 | Depths:2 | Noticed Slobodan's illusion
 36772 | Depths:2 | Noticed Slobodan's illusion
 36795 | Depths:2 | Killed Mara
 37135 | Depths:3 | Got a pair of slimy gloves
 37146 | Depths:3 | Identified the +2 pair of gloves of Rieciam {MR+} (You acquired it on level 3 of the Depths)
 37181 | Depths:3 | Found a gateway to a ziggurat.
 37270 | Depths:3 | Found a runed door.
 37271 | Depths:3 | Found a runed door.
 37387 | D:15     | You paid a toll of +6 fire dragon scales to enter a treasure trove
 37388 | Trove    | Entered a treasure trove
 37400 | Trove    | Got a scorched cloak
 37406 | Trove    | Identified the +2 cloak of Tazxuusm {rF+ Slay+5 SInv} (You found it in a treasure trove)
 37422 | Trove    | Got a jewelled cloak
 37433 | Trove    | Identified the -7 cloak of Defence {Dex+8} (You found it in a treasure trove)
 37446 | Trove    | Identified the +6 scale mail of Serendipity {Str+2 Int+2} (You found it in a treasure trove)
 37449 | Trove    | Got a dazzling hat
 37460 | Trove    | Identified the +0 hat of Negligence {Int+4} (You found it in a treasure trove)
 37462 | Trove    | Got a pair of heavily runed boots
 37473 | Trove    | Identified the +0 pair of boots of Peek-a-Boo {rF+ rC+ Int+7} (You found it in a treasure trove)
 37488 | Trove    | Got a pair of shimmering boots
 37499 | Trove    | Identified the +0 pair of boots "Vosikk" {Int-3 Dex+5} (You found it in a treasure trove)
 37501 | Trove    | Identified the +1 ring mail of the Abyss {rF++} (You found it in a treasure trove)
 37517 | Trove    | Got a pair of ichor-stained boots
 37528 | Trove    | Identified the +1 pair of boots of Altruism {rC- Str+4 Dex+5} (You found it in a treasure trove)
 37567 | D:15     | Learned a level 3 spell: Spectral Weapon
 37747 | D:9      | Killed Erica
 37928 | Slime:1  | Entered Level 1 of the Pits of Slime
 37957 | Slime:1  | Reached XP level 22. HP: 140/170 MP: 20/33
 38162 | Slime:3  | Reached skill level 20 in Stealth
 38230 | Slime:5  | Entered Level 5 of the Pits of Slime
 38466 | Slime:5  | Noticed the Royal Jelly
 38488 | Slime:5  | Found a viscous altar of Jiyva.
 38491 | Slime:5  | Found the +7 Singing Sword
 38498 | Slime:5  | Killed the Royal Jelly
 38691 | Slime:5  | Got a heavily runed lead ring
 38692 | Slime:5  | Identified the ring "Hahach" {rC+ Slay+5} (You found it on level 5 of the Pits of Slime)
 38759 | Slime:5  | Got an ancient golden ring
 38760 | Slime:5  | Identified the ring "Qohodduq" {Wiz rElec Str+6 Dex-2 SInv} (You found it on level 5 of the Pits of Slime)
 38787 | Slime:5  | Got a slimy rune of Zot
 39146 | Depths:3 | Found a runed door.
 39248 | Depths:3 | Got an iridescent dagger
 39267 | Depths:3 | Noticed a caustic shrike
 39273 | Depths:3 | Killed a caustic shrike
 39276 | Depths:3 | Noticed a caustic shrike
 39283 | Depths:3 | Killed a caustic shrike
 39376 | Depths:3 | Got a crude scimitar
 39377 | Depths:3 | Identified the cursed +0 scimitar of Yshrir {antimagic, rElec rPois Int-4} (You found it on level 3 of the Depths)
 39380 | Depths:3 | Identified the cursed +1 dagger "Ujaetorr" {freeze, MR+} (You found it on level 3 of the Depths)
 39508 | Depths:3 | Found a runed door.
 39517 | Depths:3 | Reached skill level 5 in Charms
 39554 | Depths:3 | Noticed a golden dragon
 39599 | Depths:3 | Killed a golden dragon
 39601 | Depths:3 | Noticed a caustic shrike
 39614 | Depths:3 | Killed a caustic shrike
 39728 | Depths:3 | Noticed a golden dragon
 39731 | Depths:3 | Found the amulet of the Four Winds {rN+ MR+++ Clar}
 39741 | Depths:3 | Killed a golden dragon
 39984 | Depths:3 | Gained mutation: You are agile. (Dex +2) [evolution]
 40031 | Depths:3 | Reached XP level 23. HP: 140/178 MP: 26/34
 40075 | Depths:3 | Identified the Guide on Icy Lightness
 40076 | Depths:3 | Found the ring of Robustness {AC+8}
 40076 | Depths:3 | Got a shimmering glass ring
 40076 | Depths:3 | Got a shimmering ruby amulet
 40077 | Depths:3 | Identified the ring of the Swan {rPois MR+ Stlth+} (You found it on level 3 of the Depths)
 40079 | Depths:3 | Identified the amulet "Turipumo" {Spirit Int+4 Dex+5} (You found it on level 3 of the Depths)
 40331 | Depths:3 | Found a one-way gate leading to the halls of Pandemonium.
 40641 | Depths:4 | Found a flickering gateway to a bazaar.
 40646 | Bazaar   | Entered a bazaar
 40688 | Bazaar   | Found Idonuts's Assorted Antiques.
 40703 | Bazaar   | Found Narghus's Assorted Antiques.
 40703 | Bazaar   | Found Inainowo's Distillery.
 40743 | Bazaar   | Bought a potion of magic for 176 gold pieces
 40743 | Bazaar   | Bought a jewelled bronze wand for 88 gold pieces
 40743 | Bazaar   | Bought a scroll labeled NOSSEO LIRIKHU for 22 gold pieces
 40757 | Bazaar   | Bought a potion of might for 136 gold pieces
 40757 | Bazaar   | Bought a wand of acid (10) for 272 gold pieces
 40763 | Bazaar   | Bought a potion of flight for 27 gold pieces
 40763 | Bazaar   | Bought a potion of lignification for 27 gold pieces
 40763 | Bazaar   | Bought a potion of haste for 90 gold pieces
 40763 | Bazaar   | Bought a potion of brilliance for 36 gold pieces
 40763 | Bazaar   | Bought a potion of invisibility for 72 gold pieces
 40763 | Bazaar   | Bought a potion of magic for 72 gold pieces
 40763 | Bazaar   | Bought a potion of cancellation for 72 gold pieces
 40763 | Bazaar   | Bought a potion of haste for 90 gold pieces
 40763 | Bazaar   | Bought a potion of haste for 90 gold pieces
 40763 | Bazaar   | Bought a potion of curing for 27 gold pieces
 40763 | Bazaar   | Bought a potion of heal wounds for 45 gold pieces
 40948 | Depths:4 | Reached skill level 15 in Shields
 41303 | Depths:4 | Reached skill level 15 in Fighting
 41390 | Depths:4 | Reached skill level 10 in Hexes
 41416 | Depths:5 | Entered Level 5 of the Depths
 41432 | Depths:5 | Found Powkidwo's Gadget Shop.
 41546 | Depths:5 | Found Taaw's Assorted Antiques.
 41554 | Depths:5 | Bought a thick papyrus book for 435 gold pieces
 41554 | Depths:5 | Bought a scroll of enchant weapon for 217 gold pieces
 41679 | Depths:5 | Found a gate to the Realm of Zot.
 41745 | Depths:5 | Noticed a juggernaut
 41750 | Depths:5 | Reached XP level 24. HP: 137/189 MP: 21/35
 41761 | Depths:5 | Killed a juggernaut
 41824 | Depths:5 | Found Qeetadde's Jewellery Shop.
 42008 | Depths:5 | Found Eliom's Assorted Antiques.
 42019 | Depths:5 | Bought a scroll of enchant armour for 360 gold pieces
 42019 | Depths:5 | Bought a scroll of enchant armour for 360 gold pieces
 42052 | Depths:5 | Found a runed door.
 42246 | Depths:5 | Lost mutation: You are partially covered in iridescent scales. (AC +2) [evolution]
 42500 | Vaults:5 | Entered Level 5 of the Vaults
 42666 | Vaults:5 | Reached skill level 10 in Earth Magic
 42787 | Vaults:5 | Reached XP level 25. HP: 191/199 MP: 1/35
 42815 | Vaults:5 | Found Jupnise's General Store.
 42837 | Vaults:5 | Bought a potion of brilliance for 68 gold pieces
 42838 | Vaults:5 | Identified the Reference Book on Arcane Weapons and Changing
 42840 | Vaults:5 | Identified the Grimoire of the Eleven Princes
 42849 | Vaults:5 | Learned a level 6 spell: Deflect Missiles
 43163 | Vaults:5 | Identified the cursed +1 ring mail of the Commoners {rN+ Dex+2 SInv} (You found it on level 5 of the Vaults)
 43401 | Vaults:5 | Got a silver rune of Zot
 43622 | Vaults:3 | Found the +15 Maxwell's patent armour {-Cast -Tele rElec MR+ rCorr}
 43857 | Pan      | Entered Pandemonium
 44111 | Pan      | Found a transporter.
 44161 | Pan      | Found a transporter.
 44255 | Pan      | Gained mutation: You are robust. (+10% HP) [a cacodemon]
 44256 | Pan      | Gained mutation: Your muscles are strong. (Str +2) [a cacodemon]
 44286 | Pan      | Identified the ring of Tender Moments {Wiz *Drain rC+ Stlth+} (You found it in Pandemonium)
 44293 | Pan      | Identified the ring of the Tick {Fire *Slow +Inv Str+9} (You found it in Pandemonium)
 44309 | Pan      | Identified the ring "Vetra" {rElec Stlth-} (You found it in Pandemonium)
 44436 | Pan      | Noticed Kigemimu the pandemonium lord
 44442 | Pan      | Found an exit through the horrors of the Abyss.
 44455 | Pan      | Killed Kigemimu the pandemonium lord
 44603 | Pan      | Found a runed door.
 44885 | Pan      | Noticed Kuhach the pandemonium lord
 44927 | Pan      | Entered the realm of Gloorx Vloq.
 45199 | Pan      | Noticed Gloorx Vloq
 45203 | Pan      | Killed Gloorx Vloq
 45217 | Pan      | Got a dark rune of Zot
 45374 | Pan      | Reached skill level 15 in Dodging
 45752 | Pan      | Reached XP level 26. HP: 229/229 MP: 26/35
 45779 | Pan      | Entered the realm of Lom Lobon.
 45843 | Pan      | Found an exit through the horrors of the Abyss.
 46412 | Pan      | Reached skill level 21 in Stealth
 46459 | Pan      | Noticed Lom Lobon
 46470 | Pan      | Killed Lom Lobon
 46482 | Pan      | Got a magical rune of Zot
 46504 | Pan      | Entered the realm of Cerebov.
 46729 | Pan      | Noticed Cerebov
 46743 | Pan      | Killed Cerebov
 46805 | Pan      | Got a fiery rune of Zot
 46929 | Pan      | Identified the cursed ring "Qismeram" {rF+ AC-4} (You found it in Pandemonium)
 46956 | Pan      | Learned a level 1 spell: Summon Butterflies
 47014 | Pan      | Reached skill level 1 in Summonings
 47224 | Pan      | Found an exit through the horrors of the Abyss.
 47225 | Pan      | Noticed Rumicyh the pandemonium lord
 47228 | Pan      | Entered the realm of Mnoleg.
 47228 | Pan      | Noticed Mnoleg
 47231 | Pan      | Noticed Thaneod's ghost (legendary VSBe)
 47234 | Pan      | Paralysed by a floating eye for 3 turns
 47239 | Pan      | Killed Mnoleg
 47239 | Pan      | Reached skill level 22 in Stealth
 47255 | Pan      | Reached skill level 10 in Evocations
 47293 | Pan      | Lost mutation: You are agile. (Dex +2) [a cacodemon]
 47351 | Pan      | Gained mutation: You have a pair of small antennae on your head. [evolution]
 47486 | Pan      | Killed Thaneod's ghost
 47547 | Pan      | Got a glowing rune of Zot
 47657 | Pan      | Gained mutation: Your spells are a little easier to cast, but a little less powerful. [a cacodemon]
 47724 | Pan      | Reached skill level 23 in Stealth
 47829 | Pan      | Noticed Alimemin the pandemonium lord
 47831 | Pan      | Got a demonic rune of Zot
 47839 | Pan      | Killed Alimemin the pandemonium lord
 47839 | Pan      | Reached XP level 27. HP: 222/240 MP: 23/31
 47923 | Pan      | Found an exit through the horrors of the Abyss.
 47930 | Pan      | Took an exit into the Abyss.
 47930 | Abyss:1  | Escaped into the Abyss
 47971 | Abyss:3  | Got an abyssal rune of Zot
 48002 | Depths:3 | Escaped the Abyss
 48030 | Depths:3 | Upgraded the game from 0.22-a0-348-gd16d139 to 0.22-a0-351-g29664b4
 48266 | Vaults:2 | Learned a level 5 spell: Aura of Abjuration
 48267 | Crypt:1  | Entered Level 1 of the Crypt
 48315 | Crypt:1  | You fall through a shaft!
 48356 | Crypt:3  | Entered Level 3 of the Crypt
 48369 | Crypt:3  | Reached skill level 24 in Stealth
 48500 | Crypt:3  | Found a staircase to the Tomb.
 48696 | Crypt:3  | Found an ancient bone altar of Kikubaaqudgha.
 48696 | Crypt:3  | Noticed an ancient lich
 48711 | Crypt:3  | Killed an ancient lich
 48729 | Crypt:3  | Identified the Catalogue of Unholy Rituals
 48734 | Crypt:3  | Learned a level 2 spell: Sublimation of Blood
 48734 | Crypt:3  | Identified the Almanac of Enchanting Transmigration
 48917 | Crypt:3  | Reached skill level 25 in Stealth
 49024 | Tomb:1   | Entered Level 1 of the Tomb of the Ancients
 49072 | Tomb:1   | Reached skill level 5 in Summonings
 49393 | Tomb:1   | Noticed a greater mummy
 49404 | Tomb:1   | Killed a greater mummy
 49467 | Tomb:1   | Reached skill level 26 in Stealth
 49541 | Tomb:1   | Noticed a greater mummy
 49553 | Tomb:1   | Killed a greater mummy
 49638 | Tomb:2   | Noticed Jory
 49640 | Tomb:2   | Killed Jory
 49643 | Tomb:2   | Noticed a greater mummy
 49644 | Tomb:2   | Noticed a greater mummy
 49644 | Tomb:2   | Noticed a greater mummy
 49905 | Tomb:2   | Killed a greater mummy
 49909 | Tomb:2   | Killed a greater mummy
 49928 | Tomb:2   | Killed a greater mummy
 49930 | Tomb:2   | Noticed a greater mummy
 49953 | Tomb:2   | Killed a greater mummy
 50570 | Tomb:3   | Entered Level 3 of the Tomb of the Ancients
 50582 | Tomb:3   | Noticed a greater mummy
 50582 | Tomb:3   | Noticed a greater mummy
 50588 | Tomb:3   | Noticed a greater mummy
 50589 | Tomb:3   | Noticed a greater mummy
 50596 | Tomb:3   | Noticed an ancient lich
 50597 | Tomb:3   | Noticed a greater mummy
 50602 | Tomb:3   | Got a golden rune of Zot
 50631 | Tomb:3   | Identified the Catalogue of Assistive Bewitchment
 50633 | Tomb:3   | Identified the cursed +1 robe "Taabeng" {Int+3 SInv} (You found it on level 3 of the Tomb of the Ancients)
 50634 | Tomb:3   | Identified the +0 robe of Parts Unknown {Regen+ Stlth+} (You found it on level 3 of the Tomb of the Ancients)
 50635 | Tomb:3   | Identified the ring "Macadyti" {EV+5 Str+2} (You found it on level 3 of the Tomb of the Ancients)
 50641 | Tomb:3   | Identified Sif Muna's Disquisition on Icy Earth
 50642 | Tomb:3   | Got distressingly furry fire dragon scales
 50667 | Tomb:2   | Identified the +7 fire dragon scales of Courage {rElec rF++ rC- Regen+ Int-3} (You found it on level 3 of the Tomb of the Ancients)
 50871 | Crypt:1  | Reached skill level 27 in Stealth
 51076 | Hell     | Entered the Vestibule of Hell
 51127 | Hell     | Noticed Geryon
 51152 | Hell     | Killed Geryon
 51258 | Hell     | Found a gateway to the ashen valley of Gehenna.
 51406 | Hell     | Found a gateway to the decaying netherworld of Tartarus.
 51474 | Hell     | Found a gateway to the Iron City of Dis.
 51523 | Geh:1    | Entered Level 1 of Gehenna
 51553 | Geh:2    | Reached skill level 10 in Charms
 52014 | Geh:7    | Entered Level 7 of Gehenna
 52216 | Geh:7    | Gained mutation: You are partially covered in thin metallic scales. (AC +2) [evolution]
 53715 | Geh:7    | Noticed Asmodeus
 53742 | Geh:7    | Killed Asmodeus
 53763 | Geh:7    | Got an obsidian rune of Zot
 53915 | Tar:1    | Entered Level 1 of Tartarus
 54083 | Tar:7    | Entered Level 7 of Tartarus
 54197 | Tar:7    | Gained mutation: Armour fits poorly on your strangely shaped body. [a neqoxec]
 54244 | Tar:7    | Noticed Ereshkigal
 54269 | Tar:7    | Got a bone rune of Zot
 54344 | Hell     | Found a gateway to the freezing wastes of Cocytus.
 54368 | Coc:1    | Entered Level 1 of Cocytus
 54947 | Coc:7    | Entered Level 7 of Cocytus
 55226 | Coc:7    | Noticed Uhlv's ghost (legendary MiBe)
 55303 | Coc:7    | HP: 6/268 [Uhlv's ghost (15)]
 55947 | Coc:7    | Identified the Reference Book on Supportive Enchantment
 56034 | Coc:7    | HP: 12/269 [Ice Fiend/bolt of cold (12)]
 57382 | Dis:1    | Entered Level 1 of the Iron City of Dis
 57933 | Zot:1    | Entered Level 1 of the Realm of Zot
 58549 | Coc:7    | Killed Uhlv's ghost
 58764 | Coc:7    | Noticed Antaeus
 58772 | Coc:7    | Killed Antaeus
 58789 | Coc:7    | Got an icy rune of Zot
 59394 | Dis:5    | You fall through a shaft!
 59407 | Dis:7    | Entered Level 7 of the Iron City of Dis
 60026 | Dis:7    | Noticed the Serpent of Hell
 60087 | Dis:7    | Killed the Serpent of Hell
 60537 | Dis:7    | Noticed Dispater
 60547 | Dis:7    | Got a pitted gossamer ring
 60549 | Dis:7    | Got an iron rune of Zot
 60606 | Depths:4 | Identified the ring of Incredulity {+Inv +Fly Dex+2 Stlth+} (You found it on level 7 of the Iron City of Dis)
 61156 | Zot:5    | Entered Level 5 of the Realm of Zot
 61277 | Zot:5    | Noticed an ancient lich
 61291 | Zot:5    | Killed an ancient lich
 61371 | Zot:5    | Noticed an ancient lich
 61383 | Zot:5    | Killed an ancient lich
 61391 | Zot:5    | Noticed an orb of fire
 61395 | Zot:5    | Gained mutation: Your body often deteriorates upon taking damage. [an orb of fire]
 61396 | Zot:5    | Gained mutation: You are dopey. (Int -2) [an orb of fire]
 61404 | Zot:5    | Killed an orb of fire
 61451 | Zot:5    | Reached skill level 15 in Evocations
 61664 | Zot:5    | Got the Orb of Zot
 61769 | Zot:3    | Noticed Umucw the pandemonium lord
 61808 | Depths:5 | Noticed Neoxymel the pandemonium lord
 61813 | Depths:5 | Noticed Wuefetox the pandemonium lord
 62035 | D:8      | Noticed Fiofabru the pandemonium lord
 62040 | D:8      | Killed Fiofabru the pandemonium lord
 62243 | D:$      | Escaped with the Orb!

Vault maps used:
D:1:      eino_arrival_druids_welcome, minivault_23
D:2:      tgw_xom
D:3:      chequers_temple_overflow_minitemple, first_ration, elyvilon_altar_5
D:4:      minmay_temple_entry_statues_pillars, serial_bayou_pond_a
D:5:      grunt_temple_overflow_champion_of_chaos,
          nicolae_overflow_hidden_temple
D:7:      lemuel_crystal_altar, serial_shops, shop, grunt_ogre_cave,
          grunt_dithmenos_shadows
D:8:      serial_shops, shop, uniq_prince_ribbit1
D:9:      centaur_isle, uniq_erica, uniq_joseph
D:10:     lair_entry_dummy, introduction_to_nature_2, uniq_psyche
D:13:     david_vaults_3, nicolae_tso_carved_into_rock
D:14:     hangedman_decor_points
D:15:     hangedman_depths_entry_civil_slaughter, nicolae_trove_entry_crossroad,
          serial_shops, shop
Lair:2:   minmay_swamp_entry_swarm, spider_nest_entry_rubble,
          small_statue_intersection
Lair:4:   st_stairs_12, grunt_megastairs_5
Lair:5:   beast_lair_carwin_large_2, infiniplex_staircase_pool_2, uniq_nessos
Lair:6:   evilmike_catoblepas_cave, slime_altar_1
Swamp:1:  basic_altar
Swamp:2:  portal_ice_cave_entry_ice_statue_one, evilmike_swamp_ruin_rubble_1
Swamp:3:  serial_swamp_ruin, evilmike_swamp_ruin_rubble_2,
          evilmike_swamp_ruin_house_1, swamp_pool1
Swamp:4:  swamp_pestilence, swamp_pool1, lightli_tree_ring,
          infiniplex_staircase_pool
Spider:2: uniq_arachne, uniq_agnes
Spider:3: cheibrodos_spider_deadly_dance, spider_trap
Spider:4: grunt_spider_rune_parallel
Orc:1:    basic_altar
Orc:2:    st_orc_pillars, basic_altar, lightli_volcano_entry_magma_tube
Elf:1:    minmay_elf_arrival_summoners, minmay_elf_annihilation
Elf:2:    serial_shops, nicolae_shop_competitors_out_of_business
Elf:3:    minmay_elf_hall
Vaults:1: v_rooms_5, v_misc_3, vaults_mumra_chevron_long,
          nicolae_vaults_rhombus_5, st_squares, vaults_room_hallway,
          vaults_room_grunt_arrival_ludios, vaults_dpeg_hooks,
          ontoclasm_vaults_bender, vaults_mumra_hex, nicolae_vaults_asterisk,
          nicolae_vaults_rhombus_5, serial_shops, nicolae_shop_stone
Vaults:2: hangedman_vaults_snaps, ontoclasm_vaults_spin, ontoclasm_vaults_twist,
          v_rooms_5, minmay_crypt_entry_necro_gods,
          nicolae_vaults_little_squares_3, vaults_room_grunt_arrival_checkpoint,
          ontoclasm_vaults_loading_screen, infiniplex_enter_wizlab_glasses
Vaults:3: nicolae_vaults_network_square, grunt_vaults_funnel,
          ontoclasm_vaults_shuriken, nicolae_vaults_little_squares_6,
          grunt_vaults_twisty, st_quartered_hall, v_misc_26,
          vaults_room_hallway, nicolae_vaults_little_squares_5
Vaults:4: v_rooms_3, dpeg_vaults_pockets_of_resistance, v_alt_pattern_6,
          nicolae_vaults_little_squares_4, nicolae_vaults_diagonal_hallway_8,
          hangedman_vaults_locks, nicolae_vaults_little_squares_6, v_misc_15,
          nicolae_vaults_little_squares_3, vaults_room_semicircle,
          ontoclasm_vaults_gateway, serial_shops, nicolae_shop_behind_doors
Crypt:1:  nicolae_crypt_soggy_tomb, roderic_lattice_octagonal_star,
          grunt_crypt_arrival_split
Crypt:2:  uniq_khufu
Crypt:3:  cryptofortress_bobbens
Tomb:2:   uniq_jory
Depths:1: serial_column_ruins, column_ruins_portal_squares,
          column_ruins_hut_ruined, column_ruins_open_small, column_ruins_grid_4,
          column_ruins_open_tiny, column_ruins_corridor_corner,
          column_ruins_open_large, column_ruins_open_tiny,
          column_ruins_open_medium, hangedman_geh_valley, abyss_entry,
          minmay_misc_feat_square, evilmike_ambush
Depths:2: grunt_runaround, hell_entry, abyss_entry, uniq_aizul, uniq_mara,
          uniq_jorgrun
Depths:3: minmay_the_grid_ultimate, hell_entry, pan_entry, uniq_mennas
Depths:4: minmay_expanding_squares, minivault_11, hangedman_tar_grid_catacomb,
          serial_shops, bzr_in_the_mist, rand_demon_pan_entry_8, abyss_entry
Depths:5: grunt_crosshair, hell_entry, serial_shops,
          nicolae_shop_overgrown_old_shop, shop_statue, shop, shop, shop,
          pan_entry, lightli_giant_bouncers
Dis:1:    nicolae_dis_hell_towers
Dis:4:    hangedman_dis_chains, grunt_dis_stairs_iron_hall
Dis:6:    hangedman_dis_decor_tower
Dis:7:    iron_city_of_dis
Geh:3:    special_room
Geh:6:    evilmike_ambush
Geh:7:    geh_hangedman
Coc:7:    coc_dpeg
Tar:3:    nicolae_tar_cuneiform_oil
Tar:7:    tar_grunt_cathedral
Zot:3:    grunt_megastairs_4
Zot:5:    hangedman_zot_decor_unnerving_road
Abyss:1:  evilmike_abyss_exit_11
Abyss:2:  evilmike_abyss_exit_15, minivault_1, evilmike_abyss_exit_kraken
Abyss:3:  dshaligram_kb_abyss_rune_zappy_water_cross
Pan:      rand_demon_4, gammafunk_dig_for_victory, rand_demon_6,
          nicolae_pan_sigil_itan, evilmike_mini_pan_3x3, rand_demon_9,
          evilmike_mini_pan_layers, nicolae_pan_strange_glyphs,
          evilmike_mini_pan_V, nicolae_pan_lom_lobonic_1,
          gloorx_vloq_grunt_torture_chamber, pan_blood_fountain_small,
          grunt_pan_pentagram, grunt_pan_pentagram, lom_lobon_spiral_st,
          nicolae_pan_gloorx_vloqian_1, cerebov_st, rand_demon_3,
          evilmike_mnoleg_eyes, rand_demon_8, evilmike_mini_pan_thingy
Bazaar:   bazaar_long_row
Trove:    trove_armour_1
Volcano:  volcano_aerie
WizLab:   wizlab_zonguldrok

Skill      XL: |  1  2  3  4  5  6  7  8  9 10 11 12 13 14 15 16 17 18 19 20 21 22 23 24 25 26 27 |
---------------+----------------------------------------------------------------------------------+-----
Stealth        | 1 2 3 4 5 7 9 10 12 14 16 17 18 19 20 23 27 | 27.0
Fighting       | 2 3 4 5 6 8 9 10 11 12 13 14 15 16 17 18 25 | 25.8
Long Blades    | 3 4 5 7 8 10 11 12 14 | 14.7
Dodging        | 3 4 5 6 8 9 10 11 12 13 14 15 18 | 18.1
Translocations | 3 4 5 6 7 8 |  8.0
Slings         | 1 2 3 |  3.9
Necromancy     | 2 4 5 6 8 10 12 13 14 15 16 17 18 19 20 | 20.0
Short Blades   | 3 7 9 11 12 | 12.2
Spellcasting   | 3 4 5 7 9 10 11 12 | 12.0
Poison Magic   | 4 7 |  7.0
Charms         | 3 5 6 8 10 | 10.0
Evocations     | 2 5 7 8 10 15 | 15.6
Shields        | 4 7 9 11 12 13 14 15 16 17 18 23 | 23.0
Hexes          | 5 8 10 | 10.0
Air Magic      | 5 8 9 12 13 14 | 14.0
Earth Magic    | 3 7 8 9 10 | 10.0
Summonings     | 2 8 |  8.0
Throwing       | |  0.7

Action                   |  1- 3 |  4- 6 |  7- 9 | 10-12 | 13-15 | 16-18 | 19-21 | 22-24 | 25-27 || total
-------------------------+-------+-------+-------+-------+-------+-------+-------+-------+-------++-------
Melee: Falchion          |   101 |    28 |       |       |       |       |       |       |       ||   129
       Bite              |    11 |    11 |    27 |    72 |   159 |   227 |   145 |   126 |   718 ||  1496
       Dagger            |       |    65 |   241 |   225 |       |       |       |       |       ||   531
       Long sword        |       |       |     8 |    67 |       |       |       |       |       ||    75
       Short sword       |       |       |       |   272 |   579 |       |       |       |       ||   851
       Rapier            |       |       |       |       |   604 |  1836 |   229 |    23 |    77 ||  2769
       Scimitar          |       |       |       |       |     5 |       |       |       |       ||     5
       Double sword      |       |       |       |       |       |       |   491 |       |       ||   491
       Katana            |       |       |       |       |       |       |   305 |   826 |  4126 ||  5257
 Fire: Hunting sling     |       |    33 |   377 |   161 |   266 |    12 |       |       |       ||   849
Throw: Stone             |    33 |    27 |       |       |       |       |       |       |       ||    60
       Tomahawk          |       |    20 |     4 |    50 |    75 |       |       |       |       ||   149
       Throwing net      |       |       |       |       |     1 |       |       |       |       ||     1
       Javelin           |       |       |       |       |    17 |    46 |    13 |       |       ||    76
 Cast: Blink             |       |     3 |    26 |    13 |    28 |    19 |     7 |     8 |    28 ||   132
       Animate Skeleton  |       |       |    16 |    58 |    34 |       |       |       |       ||   108
       Apportation       |       |       |       |     6 |    34 |    26 |     5 |    16 |    50 ||   137
       Animate Dead      |       |       |       |     1 |    42 |    22 |       |       |       ||    65
       Regeneration      |       |       |       |       |    37 |    52 |    45 |    35 |   186 ||   355
       Vampiric Draining |       |       |       |       |     4 |    74 |     5 |       |       ||    83
       Olgreb's Toxic Ra |       |       |       |       |     4 |    26 |    21 |     6 |     1 ||    58
       Death Channel     |       |       |       |       |       |     9 |    40 |    26 |    44 ||   119
       Borgnjor's Vile C |       |       |       |       |       |     6 |    58 |    41 |    74 ||   179
       Tukima's Dance    |       |       |       |       |       |     6 |    10 |       |       ||    16
       Airstrike         |       |       |       |       |       |     3 |     4 |     5 |    44 ||    56
       Passage of Golubr |       |       |       |       |       |       |     1 |    27 |    42 ||    70
       Spectral Weapon   |       |       |       |       |       |       |     1 |    19 |   231 ||   251
       Deflect Missiles  |       |       |       |       |       |       |       |       |    10 ||    10
       Summon Butterflie |       |       |       |       |       |       |       |       |     6 ||     6
       Aura of Abjuratio |       |       |       |       |       |       |       |       |     5 ||     5
Invok: Sacrifice Drink   |       |       |     1 |       |       |       |       |       |       ||     1
       Sacrifice Durabil |       |       |     1 |       |       |       |       |       |       ||     1
       Sacrifice Resista |       |       |       |     1 |       |       |       |       |       ||     1
       Apocalypse        |       |       |       |     5 |    12 |     5 |    12 |     5 |    39 ||    78
       Power Leap        |       |       |       |       |    44 |    21 |     2 |       |     1 ||    68
       Reject Sacrifices |       |       |       |       |     2 |     1 |       |       |       ||     3
       Draw Out Power    |       |       |       |       |     1 |    12 |     1 |     2 |     5 ||    21
       Sacrifice Essence |       |       |       |       |       |     1 |       |       |       ||     1
       Sacrifice an Eye  |       |       |       |       |       |       |     1 |       |       ||     1
 Abil: Evoke Flight      |       |       |       |       |     5 |       |       |       |       ||     5
       Blink             |       |       |       |       |       |     1 |       |       |       ||     1
       End Transformatio |       |       |       |       |       |       |     1 |       |     1 ||     2
       Bat Form          |       |       |       |       |       |       |     1 |       |     1 ||     2
Evoke: Wand              |       |     3 |    25 |    12 |    35 |    26 |       |     5 |    39 ||   145
       Phial of floods   |       |       |       |       |     2 |     6 |     3 |     1 |     3 ||    15
       Box of beasts     |       |       |       |       |       |       |       |     1 |     6 ||     7
       Lamp of fire      |       |       |       |       |       |       |       |       |     4 ||     4
       Sack of spiders   |       |       |       |       |       |       |       |       |     9 ||     9
  Use: Potion            |     7 |     6 |    17 |    18 |    47 |    37 |    35 |    22 |   123 ||   312
       Scroll            |     6 |     4 |     6 |    10 |    20 |    17 |    18 |    16 |    49 ||   146
 Stab: Sleeping          |       |     1 |     2 |    23 |    32 |    34 |    21 |    27 |    69 ||   209
       Distracted        |       |       |     1 |    10 |    15 |    30 |    38 |    29 |   156 ||   279
       Invisible         |       |       |       |     6 |     5 |     9 |     8 |    14 |    45 ||    87
       Paralysed         |       |       |       |     3 |    25 |    13 |    20 |    10 |    59 ||   130
       Held in net/web   |       |       |       |       |     2 |       |       |       |     1 ||     3
       Petrifying        |       |       |       |       |     1 |       |       |       |       ||     1
       Petrified         |       |       |       |       |     1 |       |       |       |       ||     1
  Eat: Corpse            |       |       |       |       |       |     1 |       |       |       ||     1
Armor: Leather armour    |    39 |    12 |    34 |       |       |       |    57 |       |       ||   142
       Robe              |       |    11 |    56 |    59 |   199 |   317 |   105 |       |       ||   747
       Skin              |       |       |    36 |       |       |       |       |       |    40 ||    76
       Acid dragon scale |       |       |       |    79 |       |       |     3 |    21 |       ||   103
       Ring mail         |       |       |       |       |       |       |       |    84 |   202 ||   286
       Fire dragon scale |       |       |       |       |       |       |       |       |   552 ||   552
Dodge: Dodged            |    66 |    51 |   215 |   352 |   627 |   666 |   311 |   209 |  1018 ||  3515
       Deflected         |       |       |       |       |       |       |       |       |    78 ||    78
Block: Buckler           |       |       |       |       |    49 |       |       |       |       ||    49
       Shield            |       |       |       |       |    18 |   559 |    65 |       |       ||   642
       Large shield      |       |       |       |       |       |       |   532 |   543 |  3902 ||  4977
       Rpst.: Falchion   |    17 |     3 |       |       |       |       |       |       |       ||    20
       Long sword        |       |       |     1 |     7 |       |       |       |       |       ||     8
       Double sword      |       |       |       |       |       |       |    28 |       |       ||    28
       Katana            |       |       |       |       |       |       |    16 |    36 |   182 ||   234

Table legend:
 A = Spawn XP
 B = Non-spawn XP
 C = Spawn XP percentage of total XP
 D = Spawn monster count
 E = Non-spawn monster count
 F = Spawn count percentage of total count
 G = Total turns spent on level
                    A         B        C        D         E        F      G
               +---------+---------+-------+---------+---------+-------+---------
         Total |   24678 | 2646200 |   0.9 |      30 |    3711 |   0.8 | 62243
               +---------+---------+-------+---------+---------+-------+---------
           D:1 |       0 |      17 |   0.0 |       0 |       8 |   0.0 |   426
           D:2 |       0 |      30 |   0.0 |       0 |      17 |   0.0 |   698
           D:3 |       0 |     183 |   0.0 |       0 |      20 |   0.0 |   803
           D:4 |       0 |     267 |   0.0 |       0 |      10 |   0.0 |   671
           D:5 |       0 |     353 |   0.0 |       0 |      10 |   0.0 |   434
           D:6 |       0 |    1003 |   0.0 |       0 |      19 |   0.0 |  1227
           D:7 |       0 |     814 |   0.0 |       0 |      17 |   0.0 |   912
           D:8 |       0 |     923 |   0.0 |       0 |      23 |   0.0 |   979
           D:9 |       0 |    6203 |   0.0 |       0 |      51 |   0.0 |  1473
          D:10 |       0 |    5410 |   0.0 |       0 |      47 |   0.0 |  1463
          D:11 |       0 |    2797 |   0.0 |       0 |      19 |   0.0 |  1289
          D:12 |       0 |    2056 |   0.0 |       0 |       6 |   0.0 |   860
          D:13 |       0 |   15739 |   0.0 |       0 |      67 |   0.0 |   838
          D:14 |       0 |    9899 |   0.0 |       0 |      39 |   0.0 |  1103
          D:15 |       0 |   23101 |   0.0 |       0 |      43 |   0.0 |  1155
        Lair:1 |       0 |    3730 |   0.0 |       0 |      21 |   0.0 |   651
        Lair:2 |       0 |    8338 |   0.0 |       0 |      31 |   0.0 |  1096
        Lair:3 |       0 |    3240 |   0.0 |       0 |      18 |   0.0 |   589
        Lair:4 |       0 |    6312 |   0.0 |       0 |      35 |   0.0 |   669
        Lair:5 |       0 |    8108 |   0.0 |       0 |      27 |   0.0 |   799
        Lair:6 |       0 |   21980 |   0.0 |       0 |      57 |   0.0 |  1579
       Swamp:1 |       0 |    9182 |   0.0 |       0 |      26 |   0.0 |   504
       Swamp:2 |       0 |    6025 |   0.0 |       0 |      19 |   0.0 |   274
       Swamp:3 |       0 |    3484 |   0.0 |       0 |      13 |   0.0 |   511
       Swamp:4 |       0 |   15240 |   0.0 |       0 |      60 |   0.0 |   877
      Spider:1 |       0 |   11567 |   0.0 |       0 |      49 |   0.0 |   640
      Spider:2 |       0 |   17543 |   0.0 |       0 |      46 |   0.0 |   542
      Spider:3 |       0 |    3922 |   0.0 |       0 |      14 |   0.0 |   328
      Spider:4 |       0 |   30808 |   0.0 |       0 |      82 |   0.0 |  1166
       Slime:1 |       0 |    7841 |   0.0 |       0 |      11 |   0.0 |    86
       Slime:2 |       0 |    1799 |   0.0 |       0 |       3 |   0.0 |    53
       Slime:3 |       0 |    6063 |   0.0 |       0 |      14 |   0.0 |    65
       Slime:4 |       0 |    7573 |   0.0 |       0 |      19 |   0.0 |    86
       Slime:5 |       0 |   35844 |   0.0 |       0 |      21 |   0.0 |   586
         Orc:1 |       0 |    6324 |   0.0 |       0 |      48 |   0.0 |   618
         Orc:2 |       0 |   12814 |   0.0 |       0 |      87 |   0.0 |  2249
         Elf:1 |       0 |   17909 |   0.0 |       0 |      29 |   0.0 |  1073
         Elf:2 |       0 |   30511 |   0.0 |       0 |      52 |   0.0 |   763
         Elf:3 |       0 |   67020 |   0.0 |       0 |      63 |   0.0 |  1930
      Vaults:1 |       0 |   30815 |   0.0 |       0 |      63 |   0.0 |  1162
      Vaults:2 |       0 |   35088 |   0.0 |       0 |      69 |   0.0 |  1112
      Vaults:3 |       0 |   38799 |   0.0 |       0 |      67 |   0.0 |  1218
      Vaults:4 |       0 |   58405 |   0.0 |       0 |      90 |   0.0 |  1272
      Vaults:5 |       0 |  142957 |   0.0 |       0 |     143 |   0.0 |   887
       Crypt:1 |       0 |    4330 |   0.0 |       0 |       6 |   0.0 |   128
       Crypt:2 |       0 |     844 |   0.0 |       0 |       1 |   0.0 |    45
       Crypt:3 |       0 |   61189 |   0.0 |       0 |      76 |   0.0 |   719
        Tomb:1 |       0 |   55841 |   0.0 |       0 |      85 |   0.0 |   939
        Tomb:2 |       0 |   56083 |   0.0 |       0 |      67 |   0.0 |   753
        Tomb:3 |       0 |    4684 |   0.0 |       0 |      19 |   0.0 |    80
      Depths:1 |       0 |   67089 |   0.0 |       0 |      89 |   0.0 |   842
      Depths:2 |       0 |   89106 |   0.0 |       0 |      99 |   0.0 |  1737
      Depths:3 |       0 |  140574 |   0.0 |       0 |     117 |   0.0 |  1922
      Depths:4 |       0 |   69452 |   0.0 |       0 |      73 |   0.0 |   805
      Depths:5 |       0 |   84279 |   0.0 |       0 |      88 |   0.0 |  1007
          Hell |       0 |   83286 |   0.0 |       0 |     115 |   0.0 |  1322
         Dis:1 |       0 |   24195 |   0.0 |       0 |      30 |   0.0 |   488
         Dis:2 |       0 |    3287 |   0.0 |       0 |       9 |   0.0 |   189
         Dis:3 |       0 |   11679 |   0.0 |       0 |      22 |   0.0 |   191
         Dis:4 |       0 |   14396 |   0.0 |       0 |      18 |   0.0 |    28
         Dis:5 |       0 |    1658 |   0.0 |       0 |       4 |   0.0 |    48
         Dis:7 |       0 |  127812 |   0.0 |       0 |     113 |   0.0 |  1161
         Geh:2 |       0 |   14191 |   0.0 |       0 |      27 |   0.0 |   220
         Geh:3 |       0 |   20758 |   0.0 |       0 |      36 |   0.0 |   123
         Geh:4 |       0 |     623 |   0.0 |       0 |       1 |   0.0 |     6
         Geh:5 |       0 |    6749 |   0.0 |       0 |      20 |   0.0 |   118
         Geh:6 |       0 |     364 |   0.0 |       0 |       1 |   0.0 |    18
         Geh:7 |       0 |  145844 |   0.0 |       0 |     177 |   0.0 |  1857
         Coc:1 |       0 |   33880 |   0.0 |       0 |      44 |   0.0 |   542
         Coc:2 |       0 |   44774 |   0.0 |       0 |      68 |   0.0 |   362
         Coc:3 |       0 |   16443 |   0.0 |       0 |      19 |   0.0 |   230
         Coc:4 |       0 |    1733 |   0.0 |       0 |       4 |   0.0 |    68
         Coc:5 |       0 |   37002 |   0.0 |       0 |      70 |   0.0 |   512
         Coc:6 |       0 |    8724 |   0.0 |       0 |      13 |   0.0 |    79
         Coc:7 |       0 |  129040 |   0.0 |       0 |     112 |   0.0 |  1185
         Tar:2 |       0 |    3399 |   0.0 |       0 |       2 |   0.0 |    21
         Tar:3 |       0 |    1223 |   0.0 |       0 |       3 |   0.0 |    43
         Tar:4 |       0 |    3070 |   0.0 |       0 |       4 |   0.0 |    32
         Tar:5 |       0 |    4493 |   0.0 |       0 |       6 |   0.0 |    57
         Tar:7 |       0 |   18590 |   0.0 |       0 |      18 |   0.0 |   197
         Zot:1 |       0 |   34633 |   0.0 |       0 |      19 |   0.0 |   244
         Zot:2 |       0 |   23241 |   0.0 |       0 |      14 |   0.0 |   146
         Zot:3 |       0 |   15369 |   0.0 |       0 |      10 |   0.0 |   206
         Zot:4 |       0 |   14970 |   0.0 |       0 |      11 |   0.0 |   205
         Zot:5 |       0 |  125373 |   0.0 |       0 |      57 |   0.0 |   575
       Abyss:2 |       0 |    2282 |   0.0 |       0 |       1 |   0.0 |    33
       Abyss:3 |       0 |     717 |   0.0 |       0 |       2 |   0.0 |    34
           Pan |   24678 |  301440 |   7.6 |      30 |     233 |  11.4 |  4073
        WizLab |       0 |   19455 |   0.0 |       0 |      35 |   0.0 |   589
               +---------+---------+-------+---------+---------+-------+---------
